Map: [ESL] Goldenaura

Players

DnS

  • Race: Protoss Protoss
  • Spawn Location: 5:00

Spatz - Winner!

  • Race: Protoss Protoss
  • Spawn Location: 12:00

Event: ESL SC2 Masters 2023 Winter (Regional)

VOD

Have the link to the VOD?

Description

Time

  • Played on: Nov. 4, 2023, 12:23 p.m.
  • Length: 12:52

All games in this series

Show
View Real Time Build Order
Export as new Build Order

DnS Protoss 

Build Orders: Oracle Opening 

Get SALT Encoding   

  12  0:00  Probe  
  13  0:12  Probe  
  14  0:17  Pylon  
  14  0:24  Probe (Chrono Boost)  
  16  0:36  Probe (Chrono Boost)  
  16  0:37  Gateway  
  16  0:43  Probe (Chrono Boost)  
  16  0:46  Assimilator  
  17  0:51  Probe  
  17  0:55  Assimilator  
  18  1:03  Probe (Chrono Boost)  
  19  1:08  Gateway  
  20  1:12  Probe (Chrono Boost)  
  20  1:17  Probe (Chrono Boost)  
  20  1:24  Cybernetics Core  
  21  1:29  Probe  
  22  1:35  Pylon  
  22  1:41  Probe  
  23  1:53  Probe  
  24  2:00  Stalker  
  24  2:01  Stalker  
  28  2:04  Warp Gate  
  28  2:12  Pylon  
  28  2:24  Stargate  
  28  2:29  Pylon  
  28  2:37  Stalker  
  30  2:45  Stalker  
  32  2:57  Cybernetics Core  
  31  2:59  Probe  
  31  3:05  Oracle (Chrono Boost)  
  35  3:16  Shield Battery  
  35  3:35  Nexus  
  35  3:45  Oracle (Chrono Boost)  
  39  3:56  Shield Battery  
  38  4:05  Pylon  
  38  4:07  Shield Battery  
  38  4:17  Pylon  
  38  4:23  Sentry, Stalker  
  41  4:26  Robotics Facility  
  41  4:32  Pylon  
  41  4:40  Probe  
  42  4:51  Sentry, Stalker  
  44  4:58  Shield Battery  
  42  5:11  Immortal (Chrono Boost)  
  45  5:25  Probe  
  45  5:26  Adept x2  
  48  5:37  Probe  
  49  5:49  Probe  
  50  6:01  Nexus  
  51  6:04  Observer  
  51  6:07  Probe  
  52  6:19  Sentry  
  52  6:22  Pylon  
  52  6:23  Probe  
  55  6:26  Observer  
  55  6:27  Pylon  
  55  6:40  Probe  
  55  6:45  Shield Battery  
  55  6:46  Sentry  
  58  6:55  Twilight Council  
  58  7:00  Adept  
  60  7:07  Shield Battery  
  60  7:08  Shield Battery  
  56  7:16  Immortal (Chrono Boost)  
  60  7:23  Sentry  
  60  7:24  Sentry  
  49  7:49  Stalker x2  
  46  7:53  Shield Battery  
  43  7:59  Warp Prism (Chrono Boost)  
  45  8:13  Adept x2  
  43  8:37  Adept x2  
  44  8:54  Probe  
  44  8:55  Immortal (Chrono Boost)  
  47  9:10  Observer  
  37  9:26  Sentry x2  
  41  9:33  Shield Battery  
  41  9:41  Probe  
  41  9:44  Phoenix (Chrono Boost)  
  44  9:54  Probe  
  43  10:12  Probe  
  43  10:13  Observer  
  44  10:49  Adept x2  
  47  11:18  Nexus  
  47  11:22  Observer  
  47  11:29  Probe  
  48  11:36  Sentry x2  
  52  11:42  Observer  
  52  11:46  Probe  
  54  11:58  Probe (Chrono Boost)  
  55  12:10  Pylon, Probe (Chrono Boost)  
  56  12:20  Probe (Chrono Boost)  
  53  12:31  Probe (Chrono Boost)  
  53  12:32  Shield Battery  
  52  12:47  Adept  
  52  12:49  Adept  
Show
View Real Time Build Order
Export as new Build Order

Spatz Protoss - Winner!

Build Orders:  

Get SALT Encoding   

  12  0:00  Probe  
  13  0:12  Probe  
  14  0:17  Pylon  
  14  0:24  Probe (Chrono Boost)  
  15  0:36  Probe (Chrono Boost)  
  15  0:37  Gateway  
  16  0:43  Probe (Chrono Boost)  
  16  0:46  Assimilator  
  17  0:51  Probe  
  17  0:55  Assimilator  
  18  1:03  Probe (Chrono Boost)  
  19  1:07  Gateway  
  19  1:13  Probe (Chrono Boost)  
  19  1:18  Probe (Chrono Boost)  
  20  1:23  Cybernetics Core  
  21  1:30  Probe  
  22  1:34  Pylon  
  22  1:42  Probe  
  24  1:54  Probe  
  24  2:00  Adept x2  
  28  2:01  Warp Gate  
  28  2:06  Pylon  
  28  2:34  Stalker x2  
  28  2:35  Robotics Facility  
  31  2:37  Probe  
  32  2:44  Gateway  
  32  3:04  Stalker x2  
  36  3:18  Warp Prism (Chrono Boost)  
  36  3:22  Pylon  
  36  3:49  Shield Battery  
  36  3:50  Stalker x2  
  36  3:51  Stalker  
  37  4:20  Stalker x2  
  43  4:26  Pylon  
  41  4:44  Stalker x3  
  41  5:07  Adept x2  
  41  5:08  Adept  
  41  5:12  Probe  
  45  5:28  Warp Prism (Chrono Boost)  
  42  5:34  Sentry x2  
  46  5:54  Immortal (Chrono Boost)  
  49  6:02  Probe  
  50  6:09  Pylon  
  49  6:14  Probe  
  46  6:26  Immortal (Chrono Boost)  
  46  6:32  Adept x3  
  52  6:56  Adept x2  
  52  6:58  Zealot  
  56  7:21  Adept x2  
  56  7:22  Zealot  
  44  7:44  Adept x2  
  48  7:51  Probe  
  49  8:04  Adept x2  
  52  8:06  Adept  
  53  8:14  Probe  
  54  8:26  Probe  
  49  8:33  Stalker  
  51  8:34  Stalker  
  51  8:52  Stalker  
  51  8:58  Stalker  
  51  9:33  Nexus  
  51  9:44  Sentry  
  51  9:45  Sentry  
  55  9:50  Probe  
  56  10:10  Probe (Chrono Boost)  
  56  10:13  Observer (Chrono Boost)  
  58  10:17  Twilight Council  
  59  10:22  Probe (Chrono Boost)  
  59  10:29  Probe (Chrono Boost)  
  54  10:36  Adept  
  56  10:44  Shield Battery  
  50  10:59  Adept x2  
  54  11:07  Phoenix  
  54  11:14  Adept  
  56  11:19  Observer, Immortal (Chrono Boost)  
  60  11:31  Resonating Glaives (Chrono Boost)  
  60  11:39  Probe x2  
  62  11:51  Probe  
  62  11:53  Adept x3  
  68  12:04  Gateway  
  68  12:22  Adept x3  
  74  12:26  Pylon  
  74  12:33  Pylon  
  74  12:34  Probe x2  
  77  12:47  Adept x3  
Tags
 
Add a new tag
Caveats
  • Supply blocks, unpowered buildings, or Contaminate may cause inaccurate times.
  • Supply counts are checked every 10 seconds.